AoeStats
← DK_Odysseo

Arabian Desert

510554786Analyzed
1v1 RM · 15h ago on Oct 1, 2026· 37m 55s· 2 players
Game mode
Random Map
Map size
Tiny (2 player)
Population
200
Speed
Normal
Resources
Standard
Victory
Conquest
Starting age
Dark Age
Ending age
Imperial Age
RankedLock teamsTeams togetherTeam positionsShared explorationLock speedFull tech treeHidden civsTurbo modeCheats
Victory
Defeat
🇩🇪 Turks · Germany
1828
+19
🇪🇸 Muisca · Spain
1904
-19
Populus
5:57 Loom
8:29 Feudal Age
9:13 Double-Bit Axe
18:49 Horse Collar
21:33 Castle Age
21:27 Bloodlines
24:23 Husbandry
25:56 Scale Barding Armor
26:29 Fletching
27:16 Bow Saw
27:26 Bodkin Arrow
35:47 Imperial Age
33:37 Padded Archer Armor
34:02 Heavy Plow
34:28 Ballistics
35:39 Wheelbarrow
36:35 Bracer
36:42 Padded Archer Armor
36:17 Heavy Cavalry Archer
38:04 Padded Archer Armor
38:30 Parthian Tactics
DK_Odysseo
6:42 Loom
9:09 Feudal Age
9:49 Double-Bit Axe
9:45 Horse Collar
15:18 Wheelbarrow
15:00 Fletching
15:25 Scale Mail Armor
19:20 Castle Age
17:12 Champi Runner
19:00 Scale Mail Armor
19:11 Forging
19:21 Champi Warrior
21:25 Squires
23:48 Chain Mail Armor
24:09 Pikeman
30:14 Fletching
34:31 Bodkin Arrow
38:22 Forging
Connection lost

Rejoining the realm…

Still unreachable

The connection could not be restored.

Session expired

The server has moved on; the page needs a fresh start.